Little Stars vs Mustangs (R1)

Created - 4 novembre 2016 at 19:00

Goals
1 2 3 OT1 T
Little Stars 0 2 2 1 5
Mustangs 0 3 1 0 4
Shots
1 2 3 OT1 T
Little Stars 8 9 13 4 34
Mustangs 13 18 13 0 44

1st period

No Goal

Penalties :
Justin Faulk (Tex) for Hooking (Minor) at 1:03, T.J. Tynan (Tex) for Tripping (Minor) at 17:14

2nd period

1. Little Stars , Marcus Johansson 3 (Dana Tyrell, Conor Allen) at 2:42
2. Mustangs , Reilly Smith 5 (Riley Armstrong, Eric Wellwood) at 6:35
3. Mustangs , Reilly Smith 6 (Cameron Gaunce, Riley Armstrong) at 11:26 (PP)
4. Mustangs , Jerome Samson 1 (J.T. Wyman) at 13:58
5. Little Stars , Dana Tyrell 2 (Hugh Jessiman, Jared Spurgeon) at 14:18

Penalties :
Raphael Diaz (Tex) for Holding (Minor) at 10:35, Marcus Johansson (Tex) for Hooking (Minor) at 11:29, Justin Faulk (Tex) for High sticking (Minor) at 14:56

3rd period

6. Little Stars , Hugh Jessiman 4 (Marcus Johansson, Sean Avery) at 2:16
7. Mustangs , Eric Wellwood 4 (Denis Bodrov, Riley Armstrong) at 2:26
8. Little Stars , Sean Avery 5 (Hugh Jessiman, Dana Tyrell) at 13:48 (PP)

Penalties :
Tyler Randell (Tex) for Hooking (Minor) at 3:52, Jerome Samson (Ham) for Roughing (Minor) at 13:07, Sean Avery (Tex) for Tripping (Minor) at 17:24

Overtime #1

9. Little Stars , Jesse Joensuu 3 (Jared Spurgeon, Sean Avery) at 4:21

Penalties :
No Penalty

Goalie Stats

Peter Budaj (Tex), 40 saves from 44 shots - (0,909), W, 3-3-0, 64:21 minutes
Peter Mannino (Ham), 29 saves from 34 shots - (0,853), OTL, 2-1-2, 64:21 minutes

Players Stats for Little Stars

Player Name              G  A  P  +/- PIM S  H  SB GA TA FO     MP     PP MP  PK MP  
------------------------------------------------------------------------------------
Alexander Vasyunov       0  0  0   0  0   0  0  0  0  0  0/0     0:32   0:00   0:00 
Andrej Nestrasil         0  0  0   0  0   2  2  0  0  0  5/11   12:59   0:13   0:21 
Conor Allen              0  1  1   1  0   0  1  0  0  0  0/0     5:52   0:00   0:00 
Dana Tyrell              1  2  3   0  0   5  3  0  1  0  18/29  16:14   0:28   0:00 
Danny DeKeiser           0  0  0   1  0   0  0  2  0  1  0/0    19:39   0:08   5:05 
Hugh Jessiman            1  2  3   1  0   1  1  1  0  0  3/3    20:52   0:28   3:15 
Jared Spurgeon           0  2  2   1  0   1  1  4  1  0  0/0    19:39   0:08   5:05 
Jesse Joensuu            1  0  1   1  0   1  2  0  2  1  0/0    14:09   0:00   3:15 
Jonathan Huberdeau       0  0  0   0  0   0  1  0  0  0  1/1     4:02   0:00   1:58 
Justin Faulk             0  0  0  -1  4   3  0  1  0  0  0/0    10:09   0:00   0:32 
Marcus Johansson         1  1  2   0  2   8  1  1  0  2  1/2    23:53   0:13   5:46 
Michael Mersch           0  0  0   0  0   0  0  0  0  0  0/2     4:51   0:00   3:24 
Niklas Hjalmarsson       0  0  0   0  0   1  2  0  1  0  0/0    29:37   0:33   7:40 
Oscar Lindberg           0  0  0   0  0   0  1  0  0  0  1/3     8:00   0:00   0:00 
Petter Granberg          0  0  0  -1  0   0  2  0  0  1  0/0     8:22   0:00   0:00 
Raphael Diaz             0  0  0   0  2   1  0  0  0  2  0/0    29:04   0:33   7:08 
Robert Klinkhammer       0  0  0   0  0   0  0  0  0  1  0/0     8:00   0:00   0:00 
Scott Harrington         0  0  0   0  0   1  0  0  0  0  0/0     0:51   0:00   0:00 
Sean Avery               1  2  3   0  2   7  1  0  0  1  5/12   21:03   0:28   6:01 
T.J. Tynan               0  0  0   0  2   1  0  0  0  0  1/5    11:02   0:00   1:30 
Tom Kuhnhackl            0  0  0   0  0   0  1  0  0  0  0/0     9:31   0:00   0:00 
Ty Rattie                0  0  0   0  0   0  2  0  0  0  0/0     8:00   0:00   0:00 
Tyler Randell            0  0  0   0  2   2  3  1  0  0  0/0    12:19   0:13   0:00 
Tyler Wotherspoon        0  0  0   1  0   0  0  0  0  0  0/0     5:52   0:00   0:00 

Players Stats for Mustangs

Player Name              G  A  P  +/- PIM S  H  SB GA TA FO     MP     PP MP  PK MP  
------------------------------------------------------------------------------------
Alexei Marchenko         0  0  0   1  0   0  1  0  1  0  0/0    21:26   4:18   0:08 
Brandon Saad             0  0  0   0  0   0  1  1  0  0  0/0     9:37   0:09   0:00 
Cameron Gaunce           0  1  1  -2  0   1  5  2  1  0  0/0    30:47   8:27   0:33 
Denis Bodrov             0  1  1  -2  0   2  1  2  0  0  0/0    30:47   8:27   0:33 
Eric Wellwood            1  1  2   0  0   7  1  1  0  0  1/1    24:52   7:14   0:41 
J.T. Wyman               0  1  1   0  0   1  1  2  0  0  0/0    10:41   0:06   0:00 
Jerome Samson            1  0  1   0  2   4  0  0  0  0  0/0     7:48   0:00   0:00 
Jim O'Brien              0  0  0   0  0   3  0  0  1  1  4/4    10:40   0:00   0:00 
Joe Finley               0  0  0   0  0   0  0  3  0  0  0/0    12:08   0:00   0:00 
Joshua Leivo             0  0  0   0  0   4  1  0  0  1  0/0     8:26   0:06   0:00 
Marcus Foligno           0  0  0  -2  0   1  2  0  0  0  0/1    18:34   5:25   0:00 
Mark Pysyk               0  0  0   1  0   2  2  0  1  1  0/0    21:26   4:18   0:08 
Reilly Smith             2  0  2   1  0   5  2  2  1  0  0/2    25:32   7:14   0:00 
Rick Schofield           0  0  0  -1  0   1  0  0  1  0  10/17  19:11   5:25   0:00 
Riley Armstrong          0  3  3   1  0   4  7  0  3  1  17/41  25:39   7:11   0:41 
Riley Nash               0  0  0   0  0   2  1  0  0  0  1/2     7:49   0:00   0:00 
Ryan Keller              0  0  0  -1  0   7  2  1  0  0  0/0    19:11   5:25   0:00 
Scott Mayfield           0  0  0   0  0   0  2  0  0  1  0/0    12:08   0:00   0:00 

3 Stars

1 - Riley Armstrong (Ham)
2 - Reilly Smith (Ham)
3 - Hugh Jessiman (Tex)

Power Play

Little Stars - 1 on 1 Attempt(s) - 100,00%
Mustangs - 1 on 7 Attempt(s) - 14,29%

Penalty Kill

Little Stars - 6 on 7 Attempt(s) - 85,71% - Score 0 goal in Penalty Kill
Mustangs - 0 on 1 Attempt(s) - 0,00% - Score 0 goal in Penalty Kill

Team Stat

Little Stars - Hits : 24 - Faceoff Wins : 35 - Blocked Shots : 10 - Penalty Minutes : 14
Mustangs - Hits : 29 - Faceoff Wins : 33 - Blocked Shots : 14 - Penalty Minutes : 2

Official

Referees : Watson Brad and VanMassenhoven Don
Linesman : Scott Cherrey and Brian Murphy

Game Notes

Brandon Saad is injured at 14:36 of 3rd period (Bruised Right Leg)

Finance

Level 1 -- Attendance: 1533 (76,65%) -- Ticket Income 61 320 $
Level 2 -- Attendance: 685 (68,50%) -- Ticket Income 13 700 $
Total Attendance: 2218 (73,93%)
Total Ticket Income: 75 020 $
Other Income: 3 751 $
Total Income: 78 771 $

Little Stars

5 vs 5 Forward 
   Center                   Left Wing                Right Wing               Time % Phy DF OF 
 1 Dana Tyrell              Marcus Johansson         Hugh Jessiman            40     1   2  2  
 2 Andrej Nestrasil         Sean Avery               Tyler Randell            30     1   2  2  
 3 T.J. Tynan               Jesse Joensuu            Tom Kuhnhackl            20     1   2  2  
 4 Oscar Lindberg           Robert Klinkhammer       Ty Rattie                10     1   2  2  

5 vs 5 Defense 
   Defense                  Defense                                           Time % Phy DF OF 
 1 Raphael Diaz             Niklas Hjalmarsson                                40     1   2  2  
 2 Jared Spurgeon           Danny DeKeiser                                    30     1   2  2  
 3 Justin Faulk             Petter Granberg                                   20     1   2  2  
 4 Conor Allen              Tyler Wotherspoon                                 10     1   2  2  

PowerPlay Forward 
   Center                   Left Wing                Right Wing               Time % Phy DF OF 
 1 Dana Tyrell              Sean Avery               Hugh Jessiman            60     1   2  2  
 2 Andrej Nestrasil         Marcus Johansson         Tyler Randell            40     1   2  2  

PowerPlay Defense
   Defense                  Defense                                           Time % Phy DF OF 
 1 Raphael Diaz             Niklas Hjalmarsson                                60     1   2  2  
 2 Jared Spurgeon           Danny DeKeiser                                    40     1   2  2  

Penalty Kill 4 Players Forward 
   Center                   Wing                     Time % Phy DF OF 
 1 Sean Avery               Marcus Johansson         60     1   2  2  
 2 Hugh Jessiman            Jesse Joensuu            40     1   2  2  

Penalty Kill 4 Players Defense
   Defense                  Defense                  Time % Phy DF OF 
 1 Raphael Diaz             Niklas Hjalmarsson       60     1   2  2  
 2 Jared Spurgeon           Danny DeKeiser           40     1   2  2  

Penalty Kill - 3 Players Forward 
   Forward                                           Time % Phy DF OF 
 1 Sean Avery                                        60     1   2  2  
 2 Marcus Johansson                                  40     1   2  2  

Penalty Kill - 3 Players Defense
   Defense                  Defense                  Time % Phy DF OF 
 1 Raphael Diaz             Niklas Hjalmarsson       60     1   2  2  
 2 Jared Spurgeon           Danny DeKeiser           40     1   2  2  

4 vs 4 Forward 
   Center                   Wing                     Time % Phy DF OF 
 1 Sean Avery               Marcus Johansson         60     1   2  2  
 2 Hugh Jessiman            Jesse Joensuu            40     1   2  2  

4 vs 4 Defense
   Defense                  Defense                  Time % Phy DF OF 
 1 Raphael Diaz             Niklas Hjalmarsson       60     1   2  2  
 2 Jared Spurgeon           Danny DeKeiser           40     1   2  2  

Last Minutes Offensive
   Center                   Left Wing                Right Wing               Defense                  Defense                  
   Dana Tyrell              Sean Avery               Hugh Jessiman            Raphael Diaz             Niklas Hjalmarsson       

Last Minutes Defensive
   Center                   Left Wing                Right Wing               Defense                  Defense                  
   Dana Tyrell              Sean Avery               Hugh Jessiman            Raphael Diaz             Niklas Hjalmarsson       

Goaltenders
Starting : Peter Budaj              
Backup : Ben Scrivens             

Extra Forwards
Normal : Alexander Vasyunov, Jonathan Huberdeau, Michael Mersch - PP : Alexander Vasyunov, Jonathan Huberdeau - PK : Michael Mersch
Extra Defensemen
Normal : Scott Harrington, Justin Faulk, Petter Granberg - PP : Scott Harrington - PK : Justin Faulk, Petter Granberg
Penalty Shots
Sean Avery, Marcus Johansson, Hugh Jessiman, Jesse Joensuu, Dana Tyrell

Mustangs

5 vs 5 Forward 
   Center                   Left Wing                Right Wing               Time % Phy DF OF 
 1 Riley Armstrong          Eric Wellwood            Reilly Smith             40     0   2  3  
 2 Rick Schofield           Marcus Foligno           Ryan Keller              30     0   2  3  
 3 Jim O'Brien              Brandon Saad             J.T. Wyman               20     0   2  3  
 4 Riley Nash               Joshua Leivo             Jerome Samson            10     0   2  3  

5 vs 5 Defense 
   Defense                  Defense                                           Time % Phy DF OF 
 1 Denis Bodrov             Cameron Gaunce                                    45     1   2  2  
 2 Alexei Marchenko         Mark Pysyk                                        33     1   2  2  
 3 Joe Finley               Scott Mayfield                                    22     1   2  2  
 4 Alexei Marchenko         Scott Mayfield                                    0      1   2  2  

PowerPlay Forward 
   Center                   Left Wing                Right Wing               Time % Phy DF OF 
 1 Riley Armstrong          Eric Wellwood            Reilly Smith             60     0   0  5  
 2 Rick Schofield           Marcus Foligno           Ryan Keller              40     0   0  5  

PowerPlay Defense
   Defense                  Defense                                           Time % Phy DF OF 
 1 Denis Bodrov             Cameron Gaunce                                    60     0   1  4  
 2 Alexei Marchenko         Mark Pysyk                                        40     0   1  4  

Penalty Kill 4 Players Forward 
   Center                   Wing                     Time % Phy DF OF 
 1 Riley Armstrong          Eric Wellwood            60     0   5  0  
 2 Rick Schofield           J.T. Wyman               40     0   5  0  

Penalty Kill 4 Players Defense
   Defense                  Defense                  Time % Phy DF OF 
 1 Denis Bodrov             Cameron Gaunce           60     1   4  0  
 2 Alexei Marchenko         Mark Pysyk               40     1   4  0  

Penalty Kill - 3 Players Forward 
   Forward                                           Time % Phy DF OF 
 1 Eric Wellwood                                     60     0   5  0  
 2 Riley Armstrong                                   40     0   5  0  

Penalty Kill - 3 Players Defense
   Defense                  Defense                  Time % Phy DF OF 
 1 Denis Bodrov             Cameron Gaunce           60     1   4  0  
 2 Alexei Marchenko         Mark Pysyk               40     1   4  0  

4 vs 4 Forward 
   Center                   Wing                     Time % Phy DF OF 
 1 Riley Armstrong          Reilly Smith             60     0   1  4  
 2 Rick Schofield           Ryan Keller              40     0   1  4  

4 vs 4 Defense
   Defense                  Defense                  Time % Phy DF OF 
 1 Denis Bodrov             Cameron Gaunce           60     0   2  3  
 2 Alexei Marchenko         Mark Pysyk               40     0   2  3  

Last Minutes Offensive
   Center                   Left Wing                Right Wing               Defense                  Defense                  
   Riley Armstrong          Eric Wellwood            Reilly Smith             Denis Bodrov             Cameron Gaunce           

Last Minutes Defensive
   Center                   Left Wing                Right Wing               Defense                  Defense                  
   Riley Armstrong          Marcus Foligno           J.T. Wyman               Denis Bodrov             Cameron Gaunce           

Goaltenders
Starting : Peter Mannino            
Backup : Chet Pickard             

Extra Forwards
Normal : Brandon Saad, Reilly Smith, Eric Wellwood - PP : Brandon Saad, Eric Wellwood - PK : Eric Wellwood
Extra Defensemen
Normal : Denis Bodrov, Mark Pysyk, Alexei Marchenko - PP : Cameron Gaunce - PK : Denis Bodrov, Mark Pysyk
Penalty Shots
Brandon Saad, Reilly Smith, Marcus Foligno, Eric Wellwood, Ryan Keller

% Time on Ice - Little Stars

Lines # - Real PCT - Wanted PCT - Time Play
Normal Forward
1 - 36% - 40% - 16:32
2 - 27% - 30% - 12:31
3 - 20% - 20% - 9:31
4 - 17% - 10% - 8:00
Normal Defense
1 - 41% - 40% - 19:09
2 - 28% - 30% - 13:11
3 - 18% - 20% - 8:22
4 - 13% - 10% - 5:52
PP Forward
1 - 68% - 60% - 0:28
2 - 32% - 40% - 0:13
PP Defense
1 - 80% - 60% - 0:33
2 - 20% - 40% - 0:08
PK Forward
1 - 75% - 60% - 9:30
2 - 25% - 40% - 3:15
PK Defense
1 - 60% - 60% - 7:40
2 - 40% - 40% - 5:05
PK3 Forward
1 - 0% - 60%
2 - 0% - 40%
PK3 Defense
1 - 0% - 60%
2 - 0% - 40%
44 Forward
1 - 84% - 60% - 3:40
2 - 16% - 40% - 0:41
44 Defense
1 - 71% - 60% - 3:06
2 - 29% - 40% - 1:15
Last Minute Offensive  - 0:00
Last Minute Defensive  - 0:00
Total
Forward - 64:21
Defense - 64:21

% Time on Ice - Mustangs

Lines # - Real PCT - Wanted PCT - Time Play
Normal Forward
1 - 35% - 40% - 16:04
2 - 27% - 30% - 12:45
3 - 21% - 20% - 9:56
4 - 17% - 10% - 7:49
Normal Defense
1 - 41% - 45% - 19:05
2 - 33% - 33% - 15:21
3 - 26% - 22% - 12:08
4 - 0% - 0% - 0:00
PP Forward
1 - 57% - 60% - 7:14
2 - 43% - 40% - 5:31
PP Defense
1 - 66% - 60% - 8:27
2 - 34% - 40% - 4:18
PK Forward
1 - 100% - 60% - 0:41
2 - 0% - 40% - 0:00
PK Defense
1 - 80% - 60% - 0:33
2 - 20% - 40% - 0:08
PK3 Forward
1 - 0% - 60%
2 - 0% - 40%
PK3 Defense
1 - 0% - 60%
2 - 0% - 40%
44 Forward
1 - 72% - 60% - 3:09
2 - 28% - 40% - 1:12
44 Defense
1 - 62% - 60% - 2:42
2 - 38% - 40% - 1:39
Last Minute Offensive  - 0:00
Last Minute Defensive  - 0:00
Total
Forward - 64:21
Defense - 64:21

Play by Play

1st period


0:01 of 1st period - Dana Tyrell wins face-off versus Riley Armstrong in neutral zone.
0:14 of 1st period - Wrist shot by Marcus Johansson.
0:14 of 1st period - Stopped by Peter Mannino with a rebound.
0:30 of 1st period - Slapshot by Raphael Diaz.
0:30 of 1st period - Shot Misses the Net.
0:32 of 1st period - Slapshot by Niklas Hjalmarsson.
0:32 of 1st period - Deflect By Sean Avery.
0:32 of 1st period - Shot Blocked by Denis Bodrov.
0:32 of 1st period - Puck is out of play.
0:33 of 1st period - T.J. Tynan wins face-off versus Rick Schofield in Mustangs zone.
0:37 of 1st period - Icing by Mark Pysyk.
0:38 of 1st period - Rick Schofield wins face-off versus T.J. Tynan in Mustangs zone.
0:38 of 1st period - Rick Schofield is hit by Jesse Joensuu.
0:48 of 1st period - Snap shot by Ryan Keller.
0:48 of 1st period - Shot Blocked by Jared Spurgeon.
0:50 of 1st period - Snap shot by Ryan Keller.
0:50 of 1st period - Stopped by Peter Budaj with a rebound.
0:52 of 1st period - Snap shot by Rick Schofield.
0:52 of 1st period - Shot Misses the Net.
0:54 of 1st period - Slapshot by Rick Schofield.
0:54 of 1st period - Shot Blocked by Danny DeKeiser.
0:56 of 1st period - Snap shot by Ryan Keller.
0:56 of 1st period - Deflect By Marcus Foligno.
0:56 of 1st period - Stopped by Peter Budaj without a rebound.
0:57 of 1st period - Jim O'Brien wins face-off versus Oscar Lindberg in Little Stars zone.
1:03 of 1st period - Minor Penalty to Justin Faulk for Hooking.
1:04 of 1st period - Riley Armstrong wins face-off versus Sean Avery in Little Stars zone.
1:30 of 1st period - Raphael Diaz is hit by Cameron Gaunce.
1:36 of 1st period - Danny DeKeiser is hit by Ryan Keller and loses puck.
2:57 of 1st period - Marcus Foligno is hit by Jonathan Huberdeau and loses puck.
3:03 of 1st period - Penalty to Justin Faulk is over, Justin Faulk is back on ice.
3:37 of 1st period - Snap shot by Riley Nash.
3:37 of 1st period - Deflect By Joshua Leivo.
3:37 of 1st period - Stopped by Peter Budaj with a rebound.
4:05 of 1st period - Slapshot by Jesse Joensuu.
4:05 of 1st period - Shot Blocked by Joe Finley.
4:36 of 1st period - Slapshot by Niklas Hjalmarsson.
4:36 of 1st period - Stopped by Peter Mannino without a rebound.
4:37 of 1st period - Rick Schofield wins face-off versus T.J. Tynan in Mustangs zone.
5:02 of 1st period - Slapshot by Jim O'Brien.
5:02 of 1st period - Stopped by Peter Budaj with a rebound.
5:28 of 1st period - Danny DeKeiser is hit by Riley Armstrong and loses puck.
5:41 of 1st period - Snap shot by Joshua Leivo.
5:41 of 1st period - Stopped by Peter Budaj with a rebound.
5:43 of 1st period - Slapshot by Joe Finley.
5:43 of 1st period - Shot Blocked by Jared Spurgeon.
6:24 of 1st period - Off-side.
6:25 of 1st period - Jim O'Brien wins face-off versus Dana Tyrell in neutral zone.
7:18 of 1st period - Off-side.
7:19 of 1st period - Dana Tyrell wins face-off versus Riley Armstrong in neutral zone.
7:22 of 1st period - Reilly Smith is hit by Hugh Jessiman and loses puck.
7:31 of 1st period - Snap shot by Marcus Johansson.
7:31 of 1st period - Stopped by Peter Mannino without a rebound.
7:32 of 1st period - Riley Armstrong wins face-off versus Dana Tyrell in Mustangs zone.
7:39 of 1st period - Snap shot by Eric Wellwood.
7:39 of 1st period - Shot Blocked by Danny DeKeiser.
7:57 of 1st period - Riley Armstrong is hit by Jared Spurgeon.
8:16 of 1st period - Wrist shot by Eric Wellwood.
8:16 of 1st period - Stopped by Peter Budaj without a rebound.
8:17 of 1st period - Rick Schofield wins face-off versus Andrej Nestrasil in Little Stars zone.
8:42 of 1st period - Niklas Hjalmarsson is hit by Cameron Gaunce and loses puck.
9:24 of 1st period - Reilly Smith is hit by Ty Rattie and loses puck.
10:08 of 1st period - Slapshot by Hugh Jessiman.
10:08 of 1st period - Shot Misses the Net.
10:10 of 1st period - Slapshot by Dana Tyrell.
10:10 of 1st period - Shot Blocked by Brandon Saad.
10:26 of 1st period - Snap shot by Jesse Joensuu.
10:26 of 1st period - Shot Blocked by Joe Finley.
10:55 of 1st period - Wrist shot by Tyler Randell.
10:55 of 1st period - Stopped by Peter Mannino without a rebound.
10:56 of 1st period - Riley Armstrong wins face-off versus Dana Tyrell in Mustangs zone.
12:02 of 1st period - Dana Tyrell is hit by Eric Wellwood and loses puck.
12:39 of 1st period - Niklas Hjalmarsson is hit by Alexei Marchenko and loses puck.
13:08 of 1st period - Alexei Marchenko is hit by Oscar Lindberg and loses puck.
13:44 of 1st period - Marcus Foligno is hit by Niklas Hjalmarsson and loses puck.
14:05 of 1st period - Jesse Joensuu is hit by Riley Nash and loses puck.
14:12 of 1st period - Wrist shot by Riley Nash.
14:12 of 1st period - Stopped by Peter Budaj without a rebound.
14:13 of 1st period - Dana Tyrell wins face-off versus Riley Armstrong in Little Stars zone.
14:15 of 1st period - Icing by Hugh Jessiman.
14:16 of 1st period - Riley Armstrong wins face-off versus Dana Tyrell in Little Stars zone.
14:17 of 1st period - Snap shot by Reilly Smith.
14:17 of 1st period - Shot Misses the Net.
14:19 of 1st period - Snap shot by Eric Wellwood.
14:19 of 1st period - Stopped by Peter Budaj with a rebound.
14:21 of 1st period - Wrist shot by Reilly Smith.
14:21 of 1st period - Stopped by Peter Budaj without a rebound.
14:22 of 1st period - Dana Tyrell wins face-off versus Riley Armstrong in Little Stars zone.
14:29 of 1st period - Slapshot by Marcus Johansson.
14:29 of 1st period - Shot Misses the Net.
14:31 of 1st period - Snap shot by Marcus Johansson.
14:31 of 1st period - Stopped by Peter Mannino with a rebound.
14:50 of 1st period - Snap shot by Marcus Johansson.
14:50 of 1st period - Shot Misses the Net.
14:52 of 1st period - Slapshot by Dana Tyrell.
14:52 of 1st period - Stopped by Peter Mannino without a rebound.
14:53 of 1st period - Andrej Nestrasil wins face-off versus Rick Schofield in Mustangs zone.
15:00 of 1st period - Slapshot by Ryan Keller.
15:00 of 1st period - Stopped by Peter Budaj without a rebound.
15:01 of 1st period - Rick Schofield wins face-off versus Andrej Nestrasil in Little Stars zone.
15:12 of 1st period - Snap shot by Andrej Nestrasil.
15:12 of 1st period - Stopped by Peter Mannino without a rebound.
15:13 of 1st period - Dana Tyrell wins face-off versus Riley Armstrong in Mustangs zone.
15:14 of 1st period - Wrist shot by Marcus Johansson.
15:14 of 1st period - Stopped by Peter Mannino with a rebound.
15:26 of 1st period - Niklas Hjalmarsson is hit by Cameron Gaunce and loses puck.
15:39 of 1st period - Marcus Johansson is hit by Cameron Gaunce and loses puck.
16:37 of 1st period - Mark Pysyk is hit by Sean Avery and loses puck.
16:52 of 1st period - Wrist shot by Jerome Samson.
16:52 of 1st period - Stopped by Peter Budaj without a rebound.
16:53 of 1st period - Riley Nash wins face-off versus T.J. Tynan in Little Stars zone.
16:54 of 1st period - Wrist shot by Jerome Samson.
16:54 of 1st period - Stopped by Peter Budaj with a rebound.
17:14 of 1st period - Minor Penalty to T.J. Tynan for Tripping.
17:15 of 1st period - Marcus Johansson wins face-off versus Riley Armstrong in Little Stars zone.
17:48 of 1st period - Off-side.
17:49 of 1st period - Hugh Jessiman wins face-off versus Rick Schofield in neutral zone.
18:23 of 1st period - Snap shot by Eric Wellwood.
18:23 of 1st period - Stopped by Peter Budaj with a rebound.
19:14 of 1st period - Penalty to T.J. Tynan is over, T.J. Tynan is back on ice.
19:43 of 1st period - Mark Pysyk is hit by Petter Granberg and loses puck.
19:52 of 1st period - Petter Granberg is hit by Scott Mayfield and loses puck.
Goals for this period are 0 for Little Stars vs 0 for Mustangs.
Shots for this period are 8 for Little Stars vs 13 for Mustangs.

2nd period


0:01 of 2nd period - Dana Tyrell wins face-off versus Riley Armstrong in neutral zone.
0:14 of 2nd period - Cameron Gaunce is hit by Dana Tyrell and loses puck.
0:27 of 2nd period - Sean Avery is hit by Ryan Keller and loses puck.
0:54 of 2nd period - Jesse Joensuu is hit by J.T. Wyman and loses puck.
1:13 of 2nd period - Snap shot by Jared Spurgeon.
1:13 of 2nd period - Shot Misses the Net.
1:17 of 2nd period - Wrist shot by Jared Spurgeon.
1:17 of 2nd period - Shot Misses the Net.
1:51 of 2nd period - Andrej Nestrasil is hit by Mark Pysyk and loses puck.
2:30 of 2nd period - Wrist shot by Eric Wellwood.
2:30 of 2nd period - Shot Misses the Net.
2:42 of 2nd period - Slapshot by Marcus Johansson.
2:42 of 2nd period - Goal by Marcus Johansson - Little Stars : 1 - Mustangs : 0.
2:43 of 2nd period - Dana Tyrell wins face-off versus Riley Armstrong in neutral zone.
2:56 of 2nd period - Snap shot by Dana Tyrell.
2:56 of 2nd period - Deflect By Marcus Johansson.
2:56 of 2nd period - Shot Misses the Net.
2:56 of 2nd period - Puck is out of play.
2:57 of 2nd period - Andrej Nestrasil wins face-off versus Rick Schofield in Mustangs zone.
2:58 of 2nd period - Wrist shot by Sean Avery.
2:58 of 2nd period - Deflect By Andrej Nestrasil.
2:58 of 2nd period - Stopped by Peter Mannino without a rebound.
2:59 of 2nd period - Rick Schofield wins face-off versus Sean Avery in Mustangs zone.
3:14 of 2nd period - Slapshot by Rick Schofield.
3:14 of 2nd period - Stopped by Peter Budaj with a rebound.
3:24 of 2nd period - Cameron Gaunce is hit by Dana Tyrell and loses puck.
3:51 of 2nd period - Snap shot by Tom Kuhnhackl.
3:51 of 2nd period - Shot Blocked by J.T. Wyman.
3:53 of 2nd period - Slapshot by Justin Faulk.
3:53 of 2nd period - Stopped by Peter Mannino with a rebound.
4:42 of 2nd period - Wrist shot by Riley Armstrong.
4:42 of 2nd period - Deflect By Eric Wellwood.
4:42 of 2nd period - Stopped by Peter Budaj with a rebound.
4:50 of 2nd period - Slapshot by Dana Tyrell.
4:50 of 2nd period - Stopped by Peter Mannino with a rebound.
4:52 of 2nd period - Slapshot by Dana Tyrell.
4:52 of 2nd period - Stopped by Peter Mannino without a rebound.
4:53 of 2nd period - Andrej Nestrasil wins face-off versus Riley Armstrong in Mustangs zone.
4:54 of 2nd period - Snap shot by Raphael Diaz.
4:54 of 2nd period - Shot Blocked by Cameron Gaunce.
5:03 of 2nd period - Off-side.
5:04 of 2nd period - Dana Tyrell wins face-off versus Riley Armstrong in neutral zone.
6:26 of 2nd period - Mark Pysyk is hit by Petter Granberg and loses puck.
6:35 of 2nd period - Snap shot by Reilly Smith.
6:35 of 2nd period - Goal by Reilly Smith - Little Stars : 1 - Mustangs : 1.
6:36 of 2nd period - Riley Armstrong wins face-off versus Dana Tyrell in neutral zone.
6:39 of 2nd period - Slapshot by Riley Armstrong.
6:39 of 2nd period - Stopped by Peter Budaj with a rebound.
7:07 of 2nd period - Joe Finley is hit by Tom Kuhnhackl and loses puck.
7:26 of 2nd period - Jared Spurgeon is hit by Marcus Foligno and loses puck.
8:17 of 2nd period - Snap shot by Riley Nash.
8:17 of 2nd period - Shot Blocked by Jared Spurgeon.
8:27 of 2nd period - Jared Spurgeon is hit by Denis Bodrov and loses puck.
9:11 of 2nd period - Wrist shot by Jerome Samson.
9:11 of 2nd period - Shot Blocked by Marcus Johansson.
9:13 of 2nd period - Slapshot by Joe Finley.
9:13 of 2nd period - Shot Misses the Net.
9:23 of 2nd period - Rick Schofield is hit by Tyler Randell and loses puck.
9:45 of 2nd period - Off-side.
9:46 of 2nd period - Jim O'Brien wins face-off versus T.J. Tynan in neutral zone.
9:55 of 2nd period - Slapshot by J.T. Wyman.
9:55 of 2nd period - Stopped by Peter Budaj without a rebound.
9:56 of 2nd period - Riley Armstrong wins face-off versus Dana Tyrell in Little Stars zone.
10:28 of 2nd period - Off-side.
10:29 of 2nd period - Riley Armstrong wins face-off versus Andrej Nestrasil in neutral zone.
10:32 of 2nd period - Snap shot by Riley Armstrong.
10:32 of 2nd period - Stopped by Peter Budaj without a rebound.
10:33 of 2nd period - Dana Tyrell wins face-off versus Riley Armstrong in Little Stars zone.
10:35 of 2nd period - Minor Penalty to Raphael Diaz for Holding.
10:36 of 2nd period - Riley Armstrong wins face-off versus Sean Avery in Little Stars zone.
11:20 of 2nd period - Wrist shot by Riley Armstrong.
11:20 of 2nd period - Stopped by Peter Budaj with a rebound.
11:22 of 2nd period - Wrist shot by Reilly Smith.
11:22 of 2nd period - Shot Blocked by Jared Spurgeon.
11:24 of 2nd period - Slapshot by Cameron Gaunce.
11:24 of 2nd period - Stopped by Peter Budaj with a rebound.
11:26 of 2nd period - Snap shot by Reilly Smith.
11:26 of 2nd period - Goal by Reilly Smith - Little Stars : 1 - Mustangs : 2.
11:27 of 2nd period - Dana Tyrell wins face-off versus Marcus Foligno in neutral zone.
11:29 of 2nd period - Minor Penalty to Marcus Johansson for Hooking.
11:30 of 2nd period - Sean Avery wins face-off versus Riley Armstrong in Little Stars zone.
11:46 of 2nd period - Wrist shot by Reilly Smith.
11:46 of 2nd period - Shot Misses the Net.
11:56 of 2nd period - Niklas Hjalmarsson is hit by Marcus Foligno and loses puck.
12:05 of 2nd period - Wrist shot by Rick Schofield.
12:05 of 2nd period - Shot Misses the Net.
12:22 of 2nd period - Off-side.
12:23 of 2nd period - Jonathan Huberdeau wins face-off versus Reilly Smith in neutral zone.
12:32 of 2nd period - Snap shot by T.J. Tynan.
12:32 of 2nd period - Stopped by Peter Mannino with a rebound.
12:51 of 2nd period - Icing by Cameron Gaunce.
12:52 of 2nd period - Rick Schofield wins face-off versus Sean Avery in Mustangs zone.
12:52 of 2nd period - Rick Schofield is hit by Niklas Hjalmarsson.
13:12 of 2nd period - Slapshot by Ryan Keller.
13:12 of 2nd period - Stopped by Peter Budaj without a rebound.
13:13 of 2nd period - Riley Armstrong wins face-off versus Sean Avery in Little Stars zone.
13:18 of 2nd period - Snap shot by Eric Wellwood.
13:18 of 2nd period - Stopped by Peter Budaj with a rebound.
13:20 of 2nd period - Wrist shot by Riley Armstrong.
13:20 of 2nd period - Shot Misses the Net.
13:22 of 2nd period - Wrist shot by Eric Wellwood.
13:22 of 2nd period - Stopped by Peter Budaj with a rebound.
13:24 of 2nd period - Wrist shot by Riley Armstrong.
13:24 of 2nd period - Shot Misses the Net.
13:29 of 2nd period - Penalty to Marcus Johansson is over, Marcus Johansson is back on ice.
13:38 of 2nd period - Slapshot by Raphael Diaz.
13:38 of 2nd period - Stopped by Peter Mannino with a rebound.
13:58 of 2nd period - Slapshot by Jerome Samson.
13:58 of 2nd period - Goal by Jerome Samson - Little Stars : 1 - Mustangs : 3.
13:59 of 2nd period - Dana Tyrell wins face-off versus Riley Armstrong in neutral zone.
14:03 of 2nd period - Off-side.
14:04 of 2nd period - Dana Tyrell wins face-off versus Riley Armstrong in neutral zone.
14:07 of 2nd period - Cameron Gaunce is hit by Dana Tyrell and loses puck.
14:16 of 2nd period - Wrist shot by Dana Tyrell.
14:16 of 2nd period - Shot Misses the Net.
14:18 of 2nd period - Wrist shot by Dana Tyrell.
14:18 of 2nd period - Goal by Dana Tyrell - Little Stars : 2 - Mustangs : 3.
14:19 of 2nd period - Dana Tyrell wins face-off versus Riley Armstrong in neutral zone.
14:22 of 2nd period - Eric Wellwood is hit by Marcus Johansson and loses puck.
14:35 of 2nd period - Wrist shot by Hugh Jessiman.
14:35 of 2nd period - Shot Blocked by Denis Bodrov.
14:54 of 2nd period - Wrist shot by Ryan Keller.
14:54 of 2nd period - Shot Misses the Net.
14:56 of 2nd period - Minor Penalty to Justin Faulk for High sticking.
14:57 of 2nd period - Eric Wellwood wins face-off versus Sean Avery in Little Stars zone.
15:31 of 2nd period - Wrist shot by Riley Armstrong.
15:31 of 2nd period - Stopped by Peter Budaj with a rebound.
15:33 of 2nd period - Snap shot by Reilly Smith.
15:33 of 2nd period - Stopped by Peter Budaj with a rebound.
15:35 of 2nd period - Snap shot by Riley Armstrong.
15:35 of 2nd period - Shot Misses the Net.
15:37 of 2nd period - Slapshot by Mark Pysyk.
15:37 of 2nd period - Stopped by Peter Budaj with a rebound.
15:39 of 2nd period - Wrist shot by Mark Pysyk.
15:39 of 2nd period - Shot Misses the Net.
15:57 of 2nd period - Jared Spurgeon is hit by Riley Armstrong.
16:01 of 2nd period - Wrist shot by Sean Avery.
16:01 of 2nd period - Shot Misses the Net.
16:56 of 2nd period - Penalty to Justin Faulk is over, Justin Faulk is back on ice.
17:00 of 2nd period - Niklas Hjalmarsson is hit by Mark Pysyk and loses puck.
17:17 of 2nd period - Wrist shot by Jesse Joensuu.
17:17 of 2nd period - Deflect By Hugh Jessiman.
17:17 of 2nd period - Shot Misses the Net.
17:17 of 2nd period - Puck is out of play.
17:18 of 2nd period - Jim O'Brien wins face-off versus Oscar Lindberg in Mustangs zone.
17:18 of 2nd period - Jim O'Brien is hit by Conor Allen.
18:05 of 2nd period - Wrist shot by Dana Tyrell.
18:05 of 2nd period - Stopped by Peter Mannino with a rebound.
18:49 of 2nd period - Slapshot by Jim O'Brien.
18:49 of 2nd period - Stopped by Peter Budaj without a rebound.
18:50 of 2nd period - Oscar Lindberg wins face-off versus Riley Armstrong in Little Stars zone.
18:50 of 2nd period - Oscar Lindberg is hit by Reilly Smith.
19:02 of 2nd period - Raphael Diaz is hit by Riley Armstrong and loses puck.
19:15 of 2nd period - Wrist shot by Jim O'Brien.
19:15 of 2nd period - Stopped by Peter Budaj with a rebound.
Goals for this period are 2 for Little Stars vs 3 for Mustangs.
Shots for this period are 9 for Little Stars vs 18 for Mustangs.

3rd period


0:01 of 3rd period - Dana Tyrell wins face-off versus Riley Armstrong in neutral zone.
1:27 of 3rd period - Mark Pysyk is hit by Ty Rattie and loses puck.
1:34 of 3rd period - Snap shot by Robert Klinkhammer.
1:34 of 3rd period - Deflect By Oscar Lindberg.
1:34 of 3rd period - Shot Blocked by Joe Finley.
1:34 of 3rd period - Puck is out of play.
1:35 of 3rd period - Andrej Nestrasil wins face-off versus Riley Armstrong in Mustangs zone.
1:36 of 3rd period - Slapshot by Sean Avery.
1:36 of 3rd period - Stopped by Peter Mannino without a rebound.
1:37 of 3rd period - Riley Armstrong wins face-off versus Andrej Nestrasil in Mustangs zone.
1:42 of 3rd period - Wrist shot by Sean Avery.
1:42 of 3rd period - Stopped by Peter Mannino without a rebound.
1:43 of 3rd period - Riley Armstrong wins face-off versus Andrej Nestrasil in Mustangs zone.
2:10 of 3rd period - Slapshot by Hugh Jessiman.
2:10 of 3rd period - Shot Misses the Net.
2:12 of 3rd period - Snap shot by Hugh Jessiman.
2:12 of 3rd period - Shot Blocked by Cameron Gaunce.
2:14 of 3rd period - Wrist shot by Marcus Johansson.
2:14 of 3rd period - Stopped by Peter Mannino with a rebound.
2:16 of 3rd period - Slapshot by Hugh Jessiman.
2:16 of 3rd period - Goal by Hugh Jessiman - Little Stars : 3 - Mustangs : 3.
2:17 of 3rd period - Riley Armstrong wins face-off versus Dana Tyrell in neutral zone.
2:22 of 3rd period - Snap shot by Riley Armstrong.
2:22 of 3rd period - Shot Misses the Net.
2:24 of 3rd period - Snap shot by Denis Bodrov.
2:24 of 3rd period - Stopped by Peter Budaj with a rebound.
2:26 of 3rd period - Snap shot by Eric Wellwood.
2:26 of 3rd period - Goal by Eric Wellwood - Little Stars : 3 - Mustangs : 4.
2:27 of 3rd period - Riley Armstrong wins face-off versus Dana Tyrell in neutral zone.
3:01 of 3rd period - Wrist shot by Sean Avery.
3:01 of 3rd period - Stopped by Peter Mannino without a rebound.
3:02 of 3rd period - Riley Armstrong wins face-off versus Andrej Nestrasil in Mustangs zone.
3:17 of 3rd period - Snap shot by Tyler Randell.
3:17 of 3rd period - Stopped by Peter Mannino without a rebound.
3:18 of 3rd period - Rick Schofield wins face-off versus Dana Tyrell in Mustangs zone.
3:43 of 3rd period - Cameron Gaunce is hit by Tyler Randell.
3:52 of 3rd period - Minor Penalty to Tyler Randell for Hooking.
3:53 of 3rd period - Sean Avery wins face-off versus Riley Armstrong in Little Stars zone.
3:53 of 3rd period - Sean Avery is hit by Cameron Gaunce.
4:07 of 3rd period - Snap shot by Eric Wellwood.
4:07 of 3rd period - Shot Misses the Net.
4:09 of 3rd period - Slapshot by Denis Bodrov.
4:09 of 3rd period - Deflect By Sean Avery.
4:09 of 3rd period - Stopped by Peter Budaj without a rebound.
4:10 of 3rd period - Sean Avery wins face-off versus Rick Schofield in Little Stars zone.
4:43 of 3rd period - Slapshot by Riley Armstrong.
4:43 of 3rd period - Deflect By Reilly Smith.
4:43 of 3rd period - Stopped by Peter Budaj without a rebound.
4:44 of 3rd period - Hugh Jessiman wins face-off versus Riley Armstrong in Little Stars zone.
5:14 of 3rd period - Wrist shot by Ryan Keller.
5:14 of 3rd period - Stopped by Peter Budaj with a rebound.
5:16 of 3rd period - Snap shot by Ryan Keller.
5:16 of 3rd period - Stopped by Peter Budaj without a rebound.
5:17 of 3rd period - Sean Avery wins face-off versus Riley Armstrong in Little Stars zone.
5:47 of 3rd period - Wrist shot by Denis Bodrov.
5:47 of 3rd period - Deflect By Marcus Foligno.
5:47 of 3rd period - Shot Misses the Net.
5:47 of 3rd period - Puck is out of play.
5:48 of 3rd period - Hugh Jessiman wins face-off versus Rick Schofield in Little Stars zone.
5:52 of 3rd period - Penalty to Tyler Randell is over, Tyler Randell is back on ice.
5:53 of 3rd period - Slapshot by Ryan Keller.
5:53 of 3rd period - Stopped by Peter Budaj with a rebound.
5:55 of 3rd period - Snap shot by Marcus Foligno.
5:55 of 3rd period - Shot Blocked by Tyler Randell.
5:57 of 3rd period - Slapshot by Mark Pysyk.
5:57 of 3rd period - Shot Misses the Net.
6:17 of 3rd period - Slapshot by Jared Spurgeon.
6:17 of 3rd period - Stopped by Peter Mannino with a rebound.
6:27 of 3rd period - Ty Rattie is hit by Reilly Smith and loses puck.
6:45 of 3rd period - Wrist shot by Sean Avery.
6:45 of 3rd period - Stopped by Peter Mannino without a rebound.
6:46 of 3rd period - Dana Tyrell wins face-off versus Rick Schofield in Mustangs zone.
7:11 of 3rd period - Denis Bodrov is hit by Tyler Randell and loses puck.
7:22 of 3rd period - Slapshot by Justin Faulk.
7:22 of 3rd period - Stopped by Peter Mannino with a rebound.
7:24 of 3rd period - Snap shot by Tyler Randell.
7:24 of 3rd period - Shot Blocked by Reilly Smith.
8:00 of 3rd period - Robert Klinkhammer is hit by Joshua Leivo and loses puck.
8:53 of 3rd period - Tyler Wotherspoon is hit by Brandon Saad and loses puck.
9:02 of 3rd period - Snap shot by Jim O'Brien.
9:02 of 3rd period - Shot Blocked by Hugh Jessiman.
9:47 of 3rd period - Wrist shot by Ryan Keller.
9:47 of 3rd period - Stopped by Peter Budaj with a rebound.
10:41 of 3rd period - Wrist shot by Riley Nash.
10:41 of 3rd period - Stopped by Peter Budaj without a rebound.
10:42 of 3rd period - Andrej Nestrasil wins face-off versus Riley Nash in Little Stars zone.
10:47 of 3rd period - Snap shot by Jerome Samson.
10:47 of 3rd period - Stopped by Peter Budaj with a rebound.
10:49 of 3rd period - Slapshot by Mark Pysyk.
10:49 of 3rd period - Stopped by Peter Budaj with a rebound.
10:51 of 3rd period - Snap shot by Jerome Samson.
10:51 of 3rd period - Deflect By Joshua Leivo.
10:51 of 3rd period - Stopped by Peter Budaj with a rebound.
10:53 of 3rd period - Slapshot by Joshua Leivo.
10:53 of 3rd period - Stopped by Peter Budaj with a rebound.
11:14 of 3rd period - Jesse Joensuu is hit by Riley Armstrong.
11:38 of 3rd period - Wrist shot by Marcus Johansson.
11:38 of 3rd period - Stopped by Peter Mannino without a rebound.
11:39 of 3rd period - Rick Schofield wins face-off versus Dana Tyrell in Mustangs zone.
13:07 of 3rd period - Minor Penalty to Jerome Samson for Roughing.
13:08 of 3rd period - Dana Tyrell wins face-off versus Riley Armstrong in Mustangs zone.
13:10 of 3rd period - Snap shot by Sean Avery.
13:10 of 3rd period - Stopped by Peter Mannino with a rebound.
13:40 of 3rd period - Snap shot by Marcus Johansson.
13:40 of 3rd period - Stopped by Peter Mannino without a rebound.
13:41 of 3rd period - Dana Tyrell wins face-off versus Riley Armstrong in Mustangs zone.
13:46 of 3rd period - Wrist shot by Hugh Jessiman.
13:46 of 3rd period - Shot Misses the Net.
13:48 of 3rd period - Wrist shot by Sean Avery.
13:48 of 3rd period - Goal by Sean Avery - Little Stars : 4 - Mustangs : 4.
13:49 of 3rd period - Dana Tyrell wins face-off versus Riley Armstrong in neutral zone.
14:14 of 3rd period - Denis Bodrov is hit by Andrej Nestrasil and loses puck.
14:35 of 3rd period - Brandon Saad is hit by Jesse Joensuu and loses puck.
14:36 of 3rd period - Brandon Saad from Mustangs is injured at 14:36 of 3rd period (Bruised Right Leg).
14:37 of 3rd period - Riley Armstrong wins face-off versus Dana Tyrell in Mustangs zone.
14:52 of 3rd period - Marcus Johansson is hit by Riley Armstrong and loses puck.
15:53 of 3rd period - Robert Klinkhammer is hit by Scott Mayfield and loses puck.
16:27 of 3rd period - Snap shot by Sean Avery.
16:27 of 3rd period - Shot Blocked by Reilly Smith.
16:29 of 3rd period - Slapshot by Andrej Nestrasil.
16:29 of 3rd period - Shot Blocked by J.T. Wyman.
16:31 of 3rd period - Wrist shot by Tyler Randell.
16:31 of 3rd period - Shot Misses the Net.
16:33 of 3rd period - Wrist shot by Sean Avery.
16:33 of 3rd period - Shot Misses the Net.
17:24 of 3rd period - Minor Penalty to Sean Avery for Tripping.
17:25 of 3rd period - Rick Schofield wins face-off versus Michael Mersch in Little Stars zone.
17:51 of 3rd period - Niklas Hjalmarsson is hit by Riley Armstrong and loses puck.
19:24 of 3rd period - Penalty to Sean Avery is over, Sean Avery is back on ice.
19:58 of 3rd period - Joe Finley is hit by Andrej Nestrasil and loses puck.
Goals for this period are 2 for Little Stars vs 1 for Mustangs.
Shots for this period are 13 for Little Stars vs 13 for Mustangs.

Overtime #1


0:01 of 1st overtime period - Sean Avery wins face-off versus Reilly Smith in neutral zone.
0:14 of 1st overtime period - Slapshot by Sean Avery.
0:14 of 1st overtime period - Stopped by Peter Mannino without a rebound.
0:15 of 1st overtime period - Riley Armstrong wins face-off versus Sean Avery in Mustangs zone.
2:34 of 1st overtime period - Icing by Justin Faulk.
2:35 of 1st overtime period - Rick Schofield wins face-off versus Michael Mersch in Little Stars zone.
2:36 of 1st overtime period - Snap shot by Ryan Keller.
2:36 of 1st overtime period - Shot Misses the Net.
2:48 of 1st overtime period - Snap shot by Rick Schofield.
2:48 of 1st overtime period - Shot Blocked by Justin Faulk.
2:50 of 1st overtime period - Snap shot by Rick Schofield.
2:50 of 1st overtime period - Shot Misses the Net.
3:00 of 1st overtime period - Wrist shot by Jonathan Huberdeau.
3:00 of 1st overtime period - Shot Misses the Net.
3:02 of 1st overtime period - Slapshot by Scott Harrington.
3:02 of 1st overtime period - Deflect By Ryan Keller.
3:02 of 1st overtime period - Stopped by Peter Mannino with a rebound.
3:04 of 1st overtime period - Slapshot by Justin Faulk.
3:04 of 1st overtime period - Shot Misses the Net.
3:16 of 1st overtime period - Snap shot by Jonathan Huberdeau.
3:16 of 1st overtime period - Shot Misses the Net.
3:18 of 1st overtime period - Wrist shot by Michael Mersch.
3:18 of 1st overtime period - Shot Blocked by Ryan Keller.
3:20 of 1st overtime period - Slapshot by Justin Faulk.
3:20 of 1st overtime period - Stopped by Peter Mannino without a rebound.
3:21 of 1st overtime period - Riley Armstrong wins face-off versus Marcus Johansson in Mustangs zone.
3:46 of 1st overtime period - Niklas Hjalmarsson is hit by Riley Armstrong and loses puck.
4:17 of 1st overtime period - Slapshot by Jared Spurgeon.
4:17 of 1st overtime period - Shot Misses the Net.
4:19 of 1st overtime period - Slapshot by Jared Spurgeon.
4:19 of 1st overtime period - Shot Blocked by Eric Wellwood.
4:21 of 1st overtime period - Wrist shot by Jesse Joensuu.
4:21 of 1st overtime period - Goal by Jesse Joensuu - Little Stars : 5 - Mustangs : 4.
Goals for this period are 1 for Little Stars vs 0 for Mustangs.
Shots for this period are 4 for Little Stars vs 0 for Mustangs.